 Dungeon Crawl Stone Soup version 0.22.0-6-g71bd7aa6b3 (webtiles) character file.

80 Freyura the Shield-Bearer (level 4, 0/37 HPs)
             Began as a Formicid Fighter on Aug 15, 2018.
             Slain by Grinder (2 damage)
             ... on level 3 of the Dungeon.
             The game lasted 00:04:29 (1980 turns).

Freyura the Shield-Bearer (Formicid Fighter)        Turns: 1980, Time: 00:04:30

Health: 0/37       AC:  8    Str: 21    XL:     4   Next: 65%
Magic:  4/4        EV:  8    Int:  7    God:
Gold:   109        SH:  9    Dex: 11    Spells: 3/3 levels left

rFire    . . .     SeeInvis +   a - +0 war axe
rCold    . . .     Gourm    .   c - +0 shield
rNeg     . . .     Faith    .   b - +0 scale mail
rPois    .         Spirit   .   (helmet unavailable)
rElec    .         Reflect  .   (no cloak)
rCorr    .         Harm     .   (no gloves)
MR       .....                  h - +0 pair of boots
Stlth    ..........             (no amulet)
HPRegen  0.12/turn              (no ring)
MPRegen  0.09/turn              (no ring)

@: no status effects
A: permanent stasis, dig shafts and tunnels, four strong arms, antennae 3
a: Dig, Shaft Self


You were on level 3 of the Dungeon.
You were very full.

You visited 1 branch of the dungeon, and saw 3 of its levels.

You collected 109 gold pieces.

Inventory:

Hand Weapons
 a - a +0 war axe (weapon)
Armour
 b - a +0 scale mail (worn)
 c - a +0 shield (worn)
 h - a +0 pair of boots (worn)
Jewellery
 k - an uncursed amulet of the gourmand {unknown}
Scrolls
 m - a scroll of fear {unknown}
 o - a scroll of identify {unknown}
 q - a scroll of blinking {unknown}
Potions
 d - a potion of might
 e - a potion of curing {unknown}
 g - 2 potions of agility {unknown}
 i - a potion of degeneration {unknown}
 j - 2 potions of cancellation {unknown}
 l - a potion of haste {unknown}
 n - 2 potions of mutation {unknown}
Comestibles
 f - 6 rations


   Skills:
 + Level 3.8 Fighting
 * Level 3.2 Axes
 + Level 3.9 Armour
 + Level 4.2 Shields


You had 3 spell levels left.
You didn't know any spells.
Your spell library was empty.

Dungeon Overview and Level Annotations

Branches:
Dungeon (3/15)

Altars:

Annotations:
D:3 Grinder


Innate Abilities, Weirdness & Mutations

You cannot be hasted, slowed, berserked, paralysed or teleported.
You can dig through walls and to a lower floor.
Your four strong arms can wield two-handed weapons with a shield.
You have a pair of large antennae on your head. (SInv)


Message History

You closely miss Grinder.
Grinder is lightly wounded.
Grinder completely misses you. Grinder hits you.
You writhe in agony.
* * * LOW HITPOINT WARNING * * *
You closely miss Grinder.
Grinder is lightly wounded.
Grinder hits you.
* * * LOW HITPOINT WARNING * * *
You writhe in agony.
* * * LOW HITPOINT WARNING * * *
You hit Grinder.
Grinder is moderately wounded.
Grinder hits you.
* * * LOW HITPOINT WARNING * * *
Grinder hits you but does no damage.
You hit Grinder.
Grinder is moderately wounded.
Grinder says, "Tell me all your secrets, or I'll kill you."
Grinder hits you.
You die...

. ### .. # #..
... #.#.# ..
...##.#.##.#
......5@...#
......#)####
...## #.# . #
#.# #.#.###
#..<..#
...........#
#######........
###..##.#


You could see Grinder.

Vanquished Creatures
  An adder (D:3)
  A worm (D:2)
  3 dart slugs
  A leopard gecko (D:1)
  An orc (D:3)
  13 giant cockroaches
  5 goblins
  9 hobgoblins
  3 jackals (D:1)
  A quokka (D:2)
  5 bats
  3 frilled lizards
  5 kobolds
  2 rats
53 creatures vanquished.

Notes
Turn   | Place    | Note
-------+----------+-------------------------------------------
     0 | D:1      | Freyura the Formicid Fighter began the quest for the Orb.
     0 | D:1      | Reached XP level 1. HP: 18/18 MP: 1/1
   113 | D:1      | Reached XP level 2. HP: 22/24 MP: 2/2
   334 | D:1      | Reached XP level 3. HP: 29/29 MP: 3/3
   697 | D:1      | Reached skill level 4 in Shields
  1078 | D:2      | Reached XP level 4. HP: 37/37 MP: 4/4
  1954 | D:3      | Noticed Grinder
  1980 | D:3      | Slain by Grinder

Skill      XL: |  1  2  3  4 |
---------------+-------------+-----
Shields        | 4 |  4.2
Axes           | 3 |  3.2
Fighting       | |  3.8
Armour         | |  3.9

Action                   |  1- 3 |  4- 6 || total
-------------------------+-------+-------++-------
Melee: War axe           |    91 |    70 ||   161
  Use: Scroll            |     1 |       ||     1
  Eat: Chunk             |       |     3 ||     3
       Ration            |       |     2 ||     2
Armor: Scale mail        |    41 |    25 ||    66
Dodge: Dodged            |    38 |    16 ||    54
Block: Shield            |    53 |    27 ||    80
